 Dungeon Crawl Stone Soup version 0.31.0-12-g77e489cdc1 (webtiles) character file.

Game seed: 7101789640573981261

51 H0rd4k the Charlatan (level 3, 0/23 HPs)
             Began as an Octopode Artificer on Feb 29, 2024.
             Constricted to death by a ball python (1 damage)
             ... on level 2 of the Dungeon.
             The game lasted 00:00:42 (736 turns).

H0rd4k the Charlatan (Octopode Artificer)            Turns: 736, Time: 00:00:43

Health: 0/23       AC:  1    Str: 11    XL:     3   Next: 81%
Magic:  3/3        EV:  4    Int: 15    God:
Gold:   107        SH:  0    Dex: 12    Spells: 2/2 levels left

rFire   . .          .
                       - Unarmed
rCold   . . .        (no shield)
rNeg    . . .        (helmet restricted)
rPois   .            (no amulet)
rElec   .            (no ring)
rCorr   .            (no ring)
SInv    .            (no ring)
Will    .....        (no ring)
Stlth   +++          (no ring)
HPRegen 0.23/turn    (no ring)
MPRegen 0.08/turn    (no ring)
                     (no ring)

%: no passive effects
@: held, constricted
A: almost no armour, amphibious, 8 rings, camouflage 1, gelatinous body 1,
(nimble swimmer 1), tentacles
a: no special abilities


You were on level 2 of the Dungeon.
You visited 1 branch of the dungeon, and saw 2 of its levels.

You collected 107 gold pieces.

Inventory:

Wands
 b - a wand of flame (15) (quivered)
 c - a wand of charming (15)
 d - a wand of iceblast (5)
Scrolls
 e - a scroll of fear {unknown}
 h - a scroll of brand weapon {unknown}
Potions
 a - 3 potions of invisibility {unknown}
 f - a potion of berserk rage {unknown}
 g - a potion of mutation {unknown}
 i - a potion of magic {unknown}
 j - a potion of lignification {unknown}


   Skills:
 + Level 1.3 Fighting
 - Level 2.3 Dodging
 - Level 1.3 Stealth
 + Level 3.1 Unarmed Combat
 - Level 3.2 Evocations


You had 2 spell levels left.
You didn't know any spells.
Your spell library contained the following spells:

 Spells                   Type           Power      Damage    Failure   Level
 Lesser Beckoning         Tloc           0%         N/A       38%         2
 Gell's Gravitas          Tloc           0%         N/A       63%         3
 Teleport Other           Tloc           0%         N/A       63%         3
 Passage of Golubria      Tloc           0%         N/A       95%         4
 Silence                  Hex/Air        0%         N/A       100%        5
 Lehudib's Crystal Spear  Conj/Erth      0%         10d2      100%        8


Dungeon Overview and Level Annotations

Branches:
Dungeon (2/15)

Altars:


Innate Abilities, Weirdness & Mutations

You cannot wear most types of armour.
You are amphibious.
You can wear up to eight rings at the same time.
Your skin changes colour to match your surroundings (Stealth+).
Your rubbery body absorbs attacks. (AC +1, EV +1)
((You are camouflaged when in or above water. (Stealth+)))
You have tentacles for arms and can constrict up to eight enemies at once.


Message History

The ribbon worm expels a string of sticky webbing.
The stream of webbing hits you but does no damage.
You are caught in a web!
You struggle to detach yourself from the web.
The ball python bites you. The ball python constricts you.
The giant cockroach barely misses you. The ball python bites you.
The ball python constricts you.
You struggle to detach yourself from the web.
The giant cockroach bites you. The ball python bites you.
The ball python constricts you.
The web tears apart.
The giant cockroach bites you. The ball python bites you.
The ball python constricts you.
The ball python's grasp on you weakens, but your attempt to escape fails.
The giant cockroach closely misses you. The ball python bites you.
The ball python constricts you. The ribbon worm misses you.
The giant cockroach bites you.
You escape the ball python's grasp.
The ball python attacks as it pursues you!
The ball python closely misses you. The ball python completely misses you.
The ribbon worm attacks as it pursues you!
The ribbon worm barely misses you.
The ball python attacks as it pursues you!
The ball python bites you.
* * * LOW HITPOINT WARNING * * *
The ball python closely misses you.
The giant cockroach attacks as it pursues you!
The giant cockroach closely misses you.
The ball python attacks as it pursues you!
The ball python misses you. The ball python grabs you.
The ball python constricts you.
You tentacle-slap the ball python but do no damage.
Your grab misses the ball python. The ball python bites you.
* * * LOW HITPOINT WARNING * * *
The ball python constricts you.
The ribbon worm expels a string of sticky webbing.
The stream of webbing hits you but does no damage.
You are caught in a web!
The ball python bites you.
* * * LOW HITPOINT WARNING * * *
The ball python constricts you.
You die...

# ##....§§## ##≈...... #
#......§≈####§≈......
######......§§§≈≈≈≈.......
...................)......
#####....##..........#
...##.....#..........#..#
##.............B.wJ....#
##...#.........S#.....##
#.....###......#@#...##
..###.####.....####### ##
#...######## ###.# #.##
##..#### ## #......# .#
#......# .#####......#


You could see a ribbon worm (catching breath), an endoplasm, a giant cockroach
and a ball python.

Vanquished Creatures
  3 adders (D:2)
  3 endoplasms
  3 giant cockroaches
  2 hobgoblins
  A quokka (D:1)
  6 ball pythons
  4 frilled lizards (D:1)
  3 kobolds
  A rat (D:1)
26 creatures vanquished.

Notes
Turn   | Place    | Note
-------+----------+-------------------------------------------
     0 | D:1      | H0rd4k the Octopode Artificer began the quest for the Orb.
     0 | D:1      | Reached XP level 1. HP: 13/13 MP: 1/1
   110 | D:1      | Reached skill level 1 in Unarmed Combat
   128 | D:1      | Reached XP level 2. HP: 18/18 MP: 2/2
   558 | D:2      | Reached XP level 3. HP: 18/23 MP: 3/3
   736 | D:2      | HP: 1/23 [ball python (2)]
   736 | D:2      | Constricted to death by a ball python

Illustrated notes

Levels and vault maps discovered:
D:1:      wander_arrival_estate, layout_rooms, columned_hall_lemuel,
          interstate_on_off
D:2:      layout_rooms, basic_altar, kennysheep_decorative_pillar

Skill      XL: |  1  2  3 |
---------------+----------+-----
Unarmed Combat | 1 2 3 |  3.1
Fighting       | |  1.3
Dodging        | |  2.3
Stealth        | |  1.3
Evocations     | |  3.2

Action                     || total
---------------------------++-------
  Melee: Unarmed           ||    59
         Constrict         ||    15
         Tentacles         ||     8
         Punch             ||     1
   Stab: Sleeping          ||    11
 Armour: Skin              ||    26
  Dodge: Dodged            ||    40
